Map: Lightshade LE

Players

TYTY (TY)

  • Race: Terran Terran
  • Spawn Location: 5:00

LiquidClem (Clem) - Winner!

  • Race: Terran Terran
  • Spawn Location: 11:00

VOD

Have the link to the VOD?

Description

Time

  • Played on: Jan. 12, 2021, 11:24 a.m.
  • Length: 14:00
Show
View Real Time Build Order
Export as new Build Order

TYTY Terran 

Build Orders: Cyclone Opening 

Get SALT Encoding   

  12  0:00  SCV  
  13  0:12  SCV  
  14  0:17  Supply Depot  
  14  0:24  SCV  
  15  0:38  SCV  
  15  0:40  Barracks  
  16  0:44  Refinery  
  16  0:50  SCV  
  16  0:54  Refinery  
  17  1:03  SCV  
  18  1:15  SCV  
  19  1:27  Orbital Command, Reaper  
  19  1:32  Supply Depot  
  20  1:42  Factory  
  20  1:53  SCV  
  21  1:59  Reaper  
  22  2:05  SCV  
  23  2:16  Command Center  
  23  2:20  SCV  
  24  2:26  Hellion  
  26  2:31  Starport  
  26  2:36  Barracks Tech Lab  
  26  2:37  SCV  
  27  2:45  Supply Depot  
  27  2:49  SCV  
  28  2:58  Cyclone  
  31  3:01  Barracks Tech Lab  
  31  3:07  SCV  
  32  3:19  SCV  
  33  3:22  Banshee  
  36  3:29  Orbital Command  
  36  3:31  SCV  
  36  3:33  Cyclone  
  40  3:40  Refinery  
  40  3:43  SCV  
  41  3:55  SCV  
  42  4:01  SCV  
  35  4:05  Cyclone  
  34  4:10  SCV  
  35  4:31  SCV  
  36  4:32  Barracks Reactor  
  36  4:40  SCV  
  36  4:43  SCV  
  38  4:50  Widow Mine  
  40  4:53  SCV  
  40  4:55  SCV  
  40  4:59  Raven  
  44  5:05  SCV  
  42  5:07  SCV  
  42  5:08  Marine x2  
  42  5:09  Supply Depot  
  45  5:14  Siege Tank  
  45  5:17  SCV  
  45  5:20  SCV  
  49  5:26  Marine x2  
  51  5:29  SCV  
  51  5:31  Supply Depot  
  51  5:32  SCV  
  53  5:41  SCV  
  54  5:44  Marine x2  
  54  5:46  Siege Tank  
  54  5:49  SCV  
  60  5:57  Command Center  
  60  5:58  SCV  
  60  5:59  Supply Depot, Raven  
  60  6:02  Marine  
  60  6:03  Marine  
  65  6:04  SCV  
  65  6:10  SCV  
  67  6:16  Supply Depot, SCV  
  67  6:17  Supply Depot  
  66  6:20  Marine x2  
  66  6:24  SCV  
  68  6:28  SCV  
  68  6:29  Barracks  
  68  6:31  Barracks  
  69  6:36  SCV  
  72  6:40  SCV  
  72  6:43  Refinery  
  71  6:48  SCV  
  71  6:52  SCV  
  71  6:53  Engineering Bay  
  71  6:54  Engineering Bay, Siege Tank  
  76  6:56  Viking x2  
  76  6:59  Stimpack  
  76  7:00  SCV  
  76  7:01  Marine  
  82  7:04  SCV  
  83  7:10  Orbital Command  
  83  7:12  SCV  
  84  7:17  SCV  
  84  7:21  Barracks Reactor, Terran Infantry Armor Level 1, Terran Infantry Weapons Level 1  
  84  7:22  Barracks Reactor  
  85  7:23  Marine  
  85  7:24  SCV  
  85  7:29  SCV  
  88  7:31  Viking  
  88  7:36  SCV  
  90  7:37  Orbital Command  
  90  7:41  SCV, Marine  
  92  7:48  Siege Tank  
  92  7:50  Barracks  
  95  7:52  SCV  
  95  7:53  Barracks, SCV  
  95  7:57  Marine  
  95  7:58  Marine x2  
  98  8:00  Missile Turret  
  98  8:05  SCV x2  
  101  8:09  Supply Depot  
  101  8:10  SCV  
  101  8:11  Supply Depot  
  101  8:13  Viking  
  101  8:15  Marine x2  
  105  8:21  SCV x2  
  105  8:24  Refinery  
  105  8:26  Sensor Tower, Refinery  
  107  8:29  Marine x2  
  107  8:31  SCV, Siege Tank  
  113  8:34  Missile Turret  
  113  8:36  Viking  
  113  8:41  Armory  
  115  8:42  Barracks Reactor x2  
  115  8:44  SCV x2  
  117  8:48  Marine x3  
  117  8:49  Marine  
  121  8:57  Medivac  
  121  9:02  Marine  
  117  9:05  Siege Tank  
  117  9:06  Medivac, Marine x3  
  125  9:15  Supply Depot  
  125  9:17  Supply Depot  
  125  9:23  Command Center  
  125  9:24  Supply Depot  
  125  9:25  Supply Depot  
  125  9:26  Combat Shield, Supply Depot  
  125  9:36  Marine x6  
  125  9:37  SCV x2, Marine  
  133  9:38  Marine  
  133  9:44  Marine  
  135  9:46  Siege Tank  
  135  9:48  Liberator x2  
  141  9:54  Marine x6  
  141  9:55  Marine  
  141  9:56  SCV x2  
  141  9:59  Terran Infantry Weapons Level 2  
  150  10:00  Marine  
  151  10:11  Marine  
  151  10:12  Command Center, Marine x3  
  155  10:20  Marine x4  
  159  10:24  Terran Infantry Armor Level 2  
  159  10:25  Marine  
  158  10:29  Marine  
  158  10:30  Sensor Tower, Siege Tank, Marine x2  
  158  10:34  Marine  
  165  10:41  Marine  
  165  10:44  Marine x2  
  165  10:45  Marine  
  156  10:53  Marine  
  161  10:58  Medivac x2  
  161  11:01  Supply Depot  
  161  11:02  Supply Depot  
  161  11:03  Supply Depot, Command Center  
  165  11:10  Siege Tank  
  164  11:18  Terran Vehicle Weapons Level 1, Marine  
  164  11:21  Sensor Tower  
  164  11:23  Marine x8  
  173  11:26  SCV x2  
  175  11:36  Medivac, Marine  
  175  11:37  Supply Depot  
  170  11:40  Marine x6  
  170  11:41  Marine  
  170  11:42  Supply Depot  
  170  11:43  Marine  
  170  11:46  Siege Tank  
  179  11:54  Marine  
  179  11:58  SCV x2, Marine x4  
  186  12:04  Marine  
  186  12:05  Marine x3  
  190  12:12  Marine  
  173  12:16  Marine x4  
  173  12:19  Siege Tank  
  171  12:28  Marine x2  
  149  12:38  Marine x3  
  149  12:39  Medivac x2  
  148  12:51  Siege Tank, Marine x2  
  148  12:52  Marine  
  148  12:54  SCV x2  
  153  12:59  Factory  
  153  13:00  SCV  
  153  13:04  Marine x5  
  159  13:06  SCV x2  
  159  13:12  SCV  
  162  13:14  Planetary Fortress  
  162  13:18  SCV x2  
  162  13:19  Marine  
  164  13:20  Marine x2  
  164  13:24  Siege Tank, Marine x2  
  172  13:35  Marine x2  
Show
View Real Time Build Order
Export as new Build Order

LiquidClem Terran - Winner!

Build Orders: 1/1/1, Liberator Opening 

Get SALT Encoding   

  12  0:00  SCV  
  13  0:12  SCV  
  14  0:17  Supply Depot  
  14  0:24  SCV  
  15  0:31  Refinery  
  15  0:39  SCV  
  16  0:44  Barracks  
  16  0:51  SCV  
  16  0:55  Refinery  
  17  1:03  SCV  
  18  1:15  SCV  
  19  1:31  Orbital Command  
  19  1:32  Reaper  
  20  1:36  Factory  
  20  1:44  Supply Depot  
  20  1:57  SCV  
  21  2:04  Reaper  
  22  2:09  SCV  
  23  2:20  Hellion  
  23  2:21  SCV  
  26  2:23  Supply Depot  
  26  2:25  Starport  
  26  2:33  SCV  
  26  2:36  Reaper  
  28  2:41  Hellion  
  30  2:45  SCV  
  31  3:01  Liberator  
  31  3:04  Hellion  
  36  3:08  Reaper  
  37  3:17  Command Center  
  37  3:22  Supply Depot  
  37  3:27  Factory Tech Lab  
  37  3:29  SCV  
  38  3:40  Barracks Reactor  
  38  3:41  SCV  
  39  3:49  Starport Tech Lab  
  39  3:53  SCV  
  34  3:57  Cyclone  
  36  4:05  SCV  
  36  4:17  Marine x2  
  36  4:18  SCV  
  36  4:23  Raven  
  38  4:29  Refinery  
  38  4:30  SCV  
  38  4:32  Command Center  
  38  4:37  Orbital Command  
  38  4:43  SCV  
  39  4:46  Siege Tank  
  42  4:53  Marine x2  
  42  4:55  SCV  
  41  5:03  SCV  
  39  5:07  SCV  
  39  5:12  Marine  
  42  5:14  Raven  
  42  5:15  SCV  
  42  5:19  SCV  
  43  5:27  SCV  
  45  5:29  Barracks  
  45  5:31  SCV  
  45  5:39  SCV  
  46  5:44  Orbital Command, SCV  
  46  5:45  Stimpack, Marine  
  46  5:47  Factory Tech Lab  
  48  5:51  SCV  
  49  5:57  SCV  
  49  6:03  SCV, Marine  
  52  6:07  Siege Tank  
  52  6:09  Barracks, SCV  
  56  6:14  SCV  
  56  6:16  SCV  
  58  6:19  Supply Depot  
  58  6:21  SCV, Marine  
  60  6:26  SCV  
  60  6:28  SCV  
  60  6:31  Refinery  
  60  6:32  Marine x2  
  64  6:33  SCV  
  64  6:37  Orbital Command  
  64  6:38  Marine  
  64  6:39  Siege Tank  
  69  6:40  SCV  
  69  6:46  SCV  
  70  6:48  Supply Depot  
  70  6:50  Marine  
  70  6:51  Marine  
  70  6:52  SCV  
  73  6:56  Barracks Reactor, Engineering Bay, Marine  
  73  6:57  Engineering Bay  
  73  6:58  SCV  
  75  7:04  SCV  
  75  7:05  SCV  
  77  7:10  SCV  
  77  7:11  Supply Depot, Siege Tank  
  77  7:14  Marine  
  82  7:16  Barracks Reactor, SCV  
  82  7:17  SCV  
  82  7:18  Supply Depot  
  82  7:22  Terran Infantry Weapons Level 1, SCV  
  85  7:23  Terran Infantry Armor Level 1  
  85  7:28  SCV  
  85  7:29  Medivac x2, SCV  
  91  7:32  Marine  
  91  7:34  SCV, Marine x2  
  95  7:37  Supply Depot  
  95  7:40  SCV  
  95  7:41  SCV  
  95  7:43  Supply Depot x2  
  97  7:45  Siege Tank  
  97  7:46  SCV  
  97  7:47  Combat Shield  
  97  7:50  Marine  
  102  7:52  Marine x4  
  102  7:53  SCV  
  102  7:56  SCV  
  107  8:05  Medivac x2  
  109  8:07  SCV  
  109  8:08  Marine  
  109  8:10  Marine x3  
  114  8:12  Marine  
  114  8:14  Supply Depot  
  114  8:18  SCV x2  
  114  8:19  SCV  
  118  8:21  Barracks x2, Armory  
  118  8:25  Marine  
  119  8:27  Supply Depot, Marine  
  119  8:28  Refinery, Siege Tank, Marine  
  119  8:29  Refinery  
  119  8:30  SCV  
  119  8:33  SCV  
  126  8:34  Supply Depot  
  126  8:38  Marine x2  
  126  8:40  SCV  
  129  8:43  Marine  
  129  8:44  SCV  
  129  8:45  Marine  
  129  8:46  Marine  
  129  8:47  Supply Depot, Medivac  
  135  8:48  Medivac  
  137  8:56  SCV, Marine  
  137  8:57  Supply Depot, Marine  
  137  9:01  Marine  
  141  9:04  Marine  
  141  9:05  Marine  
  141  9:06  SCV  
  141  9:07  SCV  
  145  9:13  Factory  
  145  9:14  Marine  
  145  9:15  Marine  
  145  9:19  Siege Tank, Marine  
  145  9:20  Medivac x2  
  145  9:23  Supply Depot  
  151  9:24  Barracks Reactor x2  
  146  9:34  Marine x2  
  145  9:39  Marine  
  145  9:40  Marine  
  145  9:43  Terran Infantry Weapons Level 2, Marine  
  142  9:51  Marine  
  142  9:52  Marine  
  144  9:53  Medivac, Command Center, Siege Tank  
  144  9:56  Marine  
  144  9:58  Marine  
  151  10:00  Marine  
  151  10:01  Marine  
  151  10:02  Marine x3  
  151  10:03  Medivac  
  156  10:09  Marine x2  
  156  10:10  Supply Depot  
  156  10:12  Command Center  
  158  10:14  Marine  
  158  10:16  Marine  
  158  10:18  Marine  
  158  10:19  Sensor Tower  
  158  10:20  Marine x3  
  165  10:23  Medivac  
  165  10:27  Marine x2  
  165  10:32  Marine  
  165  10:34  Marine  
  167  10:37  Barracks Reactor, Marine  
  167  10:39  SCV  
  167  10:41  Siege Tank  
  170  10:46  Marine x3  
  170  10:49  Marine  
  166  10:50  Marine x2  
  166  10:51  Viking  
  166  10:54  Supply Depot  
  166  10:55  Terran Vehicle Weapons Level 1  
  166  10:56  Engineering Bay  
  170  10:58  Marine x2  
  170  11:03  Marine  
  170  11:04  Marine x2  
  174  11:05  SCV x2, Viking  
  174  11:10  Marine x2  
  181  11:14  SCV  
  181  11:16  Sensor Tower  
  181  11:18  Barracks  
  182  11:19  Marine x4  
  182  11:20  Siege Tank  
  182  11:21  Barracks x2, Siege Tank  
  182  11:24  Terran Infantry Armor Level 2  
  192  11:27  Marine  
  193  11:36  Marine  
  193  11:41  Marine  
  193  11:43  Marine x2  
  193  11:44  Marine x2  
  197  11:50  Planetary Fortress  
  197  11:52  Siege Tank  
  197  11:53  Command Center  
  198  12:06  Marine x2  
  200  12:14  Marine x2  
  200  12:15  Siege Tank, Marine  
  199  12:22  Marine x2  
  196  12:23  Marine  
  196  12:27  Siege Tank  
  196  12:28  Marine x2  
  196  12:29  Marine x2  
  192  12:30  Marine x3  
  192  12:32  Marine x2  
  190  12:39  Medivac  
  190  12:41  Marine x4  
  167  12:46  Marine x2  
  167  12:47  Siege Tank, Marine x2  
  167  12:48  Marine  
  167  12:49  SCV  
  167  12:51  Marine x4  
  178  12:52  Medivac  
  178  12:56  SCV  
  183  12:58  Marine x2  
  183  12:59  Siege Tank, Marine x2  
  183  13:04  Marine x3  
  193  13:06  Marine x2  
  193  13:08  Marine  
  193  13:09  SCV x2  
  193  13:10  Sensor Tower  
  193  13:12  Marine x2  
  200  13:22  Starport  
  200  13:23  Starport  
  200  13:24  Refinery  
  200  13:25  Refinery  
  200  13:37  Marine  
  200  13:40  Marine  
  200  13:41  Marine x4  
Tags
 
Add a new tag
Caveats
  • Supply blocks, unpowered buildings, or Contaminate may cause inaccurate times.
  • Supply counts are checked every 10 seconds.